Selects Airborne Battlegroup
Construct Weapon Support Center
Selects Paratrooper Squad Paradrop
Paratrooper Squad Paradrop
Paratrooper Squad Paradrop
Mechanized Support Center
Paratrooper Squad Paradrop
Construct Medical Station
Paratrooper Squad Paradrop
Designate Forward Repair Station
Selects Paradrop Reinforcements
Selects Carpet Bombing Run
Paratrooper Squad Paradrop
Selects Anti-tank Gun Team Paradrop
Improved M9 Bazooka Rockets